 Dungeon Crawl Stone Soup version 0.18-a0-1782-gb76a692 (webtiles) character file.

163 penismuncher the Poker (level 5, 0/49 HPs)
             Began as an Octopode Wanderer on Apr 17, 2016.
             Slain by a worm (4 damage)
             ... on level 3 of the Dungeon.
             The game lasted 00:01:31 (2029 turns).

penismuncher the Poker (Octopode Wanderer)          Turns: 2029, Time: 00:01:31

Health: 0/49       AC: 22    Str: 10    XL:     5   Next: 44%
Magic:  5/5        EV:  2    Int: 16    God:
Gold:   68         SH:  0    Dex: 12    Spells: 0 memorised, 4 levels left

rFire  . . .     SeeInvis .     a - +2 spear
rCold  . . .     Gourm    .     (no shield)
rNeg   + + +     Faith    .     (helmet currently unavailable)
rPois  +         Spirit   .     (no amulet)
rElec  .         Dismiss  .     (no ring)
rCorr  .         Reflect  .     (no ring)
SustAt .         Harm     .     (no ring)
MR     .....     NoTele   +     (no ring)
Stlth  +++.......               (no ring)
                                (no ring)
                                (no ring)
                                (no ring)

@: tree-form, not resistant to hostile enchantments, fairly stealthy
A: almost no armour, (amphibious), 8 rings, (constrict 8), (camouflage 0),
(gelatinous body 0)
a: no special abilities


You were on level 3 of the Dungeon.
You were hungry.
You were a tree.
You visited 1 branch of the dungeon, and saw 3 of its levels.

You collected 68 gold pieces.

Inventory:

Hand Weapons
 a - a +2 spear (weapon)
 d - a +0 dagger
Jewellery
 p - an uncursed ring of protection from fire {unknown}
Wands
 c - a wand of random effects (15/48)
Scrolls
 g - 2 scrolls of identify {unknown}
 h - a scroll of teleportation {unknown}
 i - a scroll of noise {unknown}
 j - 2 scrolls of remove curse {unknown}
 m - a scroll of random uselessness {unknown}
Potions
 n - a potion of flight {unknown}
Comestibles
 f - 3 bread rations
 k - 3 slices of pizza
 l - a royal jelly
 o - 4 fruits


   Skills:
 - Level 1.0 Fighting
 + Level 6.0 Polearms
 - Level 2.0 Dodging
 - Level 2.6 Stealth
 - Level 1.0 Unarmed Combat
 - Level 1.1 Evocations


You had 4 spell levels left.
You didn't know any spells.

Dungeon Overview and Level Annotations

Branches:
Dungeon (3/15)

Altars:


Innate Abilities, Weirdness & Mutations

You cannot wear most types of armour.
((You are amphibious.))
You can wear up to eight rings at the same time.
((You can use your tentacles to constrict eight enemies at once.))
((Your skin changes colour to match your surroundings (Stealth).))
((Your rubbery body absorbs attacks (AC +1).))


Message History

You hit the worm.
The worm is severely wounded.
The worm bites you.
* * * LOW HITPOINT WARNING * * *
Attack whom?
Press: ? - help, Dir - move target cursor, f/p - worm
Aim: a worm (severely wounded)
You hit the worm.
The worm is almost dead.
The orc wizard shouts!
The rat bites you.
* * * LOW HITPOINT WARNING * * *
An orc comes into view.
Attack whom?
Press: ? - help, Dir - move target cursor, f/p - worm
Aim: a worm (almost dead)
You hit the worm.
The worm is almost dead.
The worm bites you.
You die...

..... .... ##
...#####o
......o .
..... # #.# .
#...# #. #.#
. #.r.# #.#
#.# . ##.♣.#
#..# #.# .
#.w###
#..##.# .
#.##
#....###.
###.# #......
#(..#
########.....
#.###
#....<....#..
#.#
#.........##.
.#######.#
#..........$.
....r....#
#............


You could see a worm, an orc wizard, an orc and a rat.

Vanquished Creatures
  An ogre (D:3)
  An adder (D:3)
  3 worms (D:2)
  A dart slug (D:2)
  3 giant geckos
  5 bats
  4 giant cockroaches
  8 goblins
  6 hobgoblins
  2 jackals (D:2)
  5 giant newts
  5 kobolds
  13 rats
57 creatures vanquished.

Notes
Turn   | Place    | Note
--------------------------------------------------------------
     0 | D:1      | penismuncher the Octopode Wanderer began the quest for the Orb.
     0 | D:1      | penismuncher set off with: a +2 spear, a potion of curing, a wand of random effects (15/48), a +0 dagger, a bread ration
     0 | D:1      | Reached XP level 1. HP: 13/13 MP: 1/1
   273 | D:1      | Reached XP level 2. HP: 18/18 MP: 2/2
   829 | D:1      | Reached skill level 4 in Polearms
   995 | D:1      | Reached XP level 3. HP: 23/23 MP: 3/3
  1575 | D:2      | Reached XP level 4. HP: 28/28 MP: 4/4
  1912 | D:3      | Noticed an ogre
  1937 | D:3      | Reached skill level 5 in Polearms
  1943 | D:3      | HP: 1/28 [ogre/giant spiked club (19)]
  1948 | D:3      | Killed an ogre
  1948 | D:3      | Reached XP level 5. HP: 2/33 MP: 5/5
  2017 | D:3      | Reached skill level 6 in Polearms
  2029 | D:3      | Slain by a worm

Vault maps used:
D:1:      sevenhm_arrival_forest_fort_small_3
D:2:      serial_co_window_serial, co_window_of_opportunity_a,
          co_window_paths_a, co_window_corner_a, co_window_paths_a,
          co_window_corner_a, co_window_corner_a, co_window_corner_a,
          co_window_paths_a, co_window_corner_a, co_window_2corner,
          co_window_broadway_a, co_window_unsneaky_path_b,
          co_window_unsneaky_path_e, co_window_of_opportunity_b,
          co_window_2corner, co_window_paths_e, glass_columns_b, glass_columns_a
D:3:      xom_teletrap_fun

Skill      XL: |  1  2  3  4  5 |
---------------+----------------+-----
Polearms       | 4 5 6 |  6.0
Fighting       | |  1.0
Dodging        | |  2.0
Stealth        | |  2.6
Unarmed Combat | |  1.0
Evocations     | |  1.1

Action                   |  1- 3 |  4- 6 || total
-------------------------+-------+-------++-------
Melee: Spear             |    95 |    34 ||   129
       Constrict         |    21 |     4 ||    25
       Tentacles         |    13 |     4 ||    17
       Punch             |     1 |       ||     1
  Use: Potion            |       |     3 ||     3
 Stab: Sleeping          |    13 |     5 ||    18
  Eat: Chunk             |     1 |     2 ||     3
Armor: Skin              |     5 |     3 ||     8
Dodge: Dodged            |    15 |     8 ||    23
